 Dungeon Crawl Stone Soup version 0.30.1-9-gdf580d7c3d (webtiles) character file.

Game seed: 1976827227142802268

11 DeltaZero the Cudgeller (level 2, 0/28 HPs)
             Began as a Troll Gladiator on Oct 5, 2023.
             Succumbed to a goblin's poison
             ... on level 1 of the Dungeon.
             The game lasted 00:01:08 (288 turns).

DeltaZero the Cudgeller (Troll Gladiator)            Turns: 288, Time: 00:01:09

Health: 0/28       AC:  4    Str: 21    XL:     2   Next: 13%
Magic:  1/1        EV: 10    Int:  4    God:
Gold:   4          SH:  0    Dex: 11    Spells: 1/1 levels left

rFire   . . .        a - +0 flail
rCold   . . .        (no shield)
rNeg    . . .        b - +0 robe
rPois   .            c - +0 hat
rElec   .            (no cloak)
rCorr   .            (gloves unavailable)
SInv    .            (boots unavailable)
Will    .....        (no amulet)
Stlth   +            (no ring)
HPRegen 1.04/turn    (no ring)
MPRegen 0.07/turn

%: no passive effects
@: lethally poisoned (0 -> -5)
A: large, unfitting armour, claws 3, regeneration 1, shaggy fur 1, tough skin 1
a: no special abilities


You were on level 1 of the Dungeon.
You visited 1 branch of the dungeon, and saw 1 of its levels.

You collected 4 gold pieces.

Inventory:

Hand Weapons
 a - a +0 flail (weapon)
Missiles
 d - 3 throwing nets (quivered)
 e - a large rock
Armour
 b - a +0 robe (worn)
 c - a +0 hat (worn)
Potions
 f - 2 potions of curing {unknown}
 g - a potion of cancellation {unknown}
 h - a potion of heal wounds {unknown}


   Skills:
 + Level 1.6 Fighting
 + Level 2.9 Maces & Flails
 + Level 1.8 Throwing
 + Level 2.6 Dodging


You had one spell level left.
You didn't know any spells.
Your spell library was empty.

Dungeon Overview and Level Annotations

Branches:
Dungeon (1/15)

Altars:


Innate Abilities, Weirdness & Mutations

You are too large for most types of armour.
You have claws for hands.
Your natural rate of healing is unusually fast.
You are covered in fur. (AC +1)
You have tough skin. (AC +1)


Message History

h - a ruby potion A kobold comes into view.
It is wielding a +0 dagger.
You see here a ring of fire.
A goblin comes into view. It is wielding a +1 dagger of venom.
The goblin shouts!
The kobold shouts!
An endoplasm comes into view.
The endoplasm quivers.
The kobold throws a stone.
The stone hits you.
The kobold throws a stone.
The stone barely misses you.
The kobold throws a stone.
The stone hits you but does no damage. The goblin barely misses you.
The endoplasm freezes you.
You are frozen.
The goblin attacks as you move away!
The goblin hits you with a +1 dagger of venom.
You are poisoned.
You feel very sick.
You barely miss the goblin.
You feel sick. The goblin closely misses you.
You closely miss the goblin.
You feel sick. The goblin hits you but does no damage.
You are more poisoned.
You hit the goblin.
The goblin is heavily wounded.
You feel very sick. The goblin hits you but does no damage.
You are more poisoned.
You hit the goblin.
You kill the goblin!
You feel very sick.
The kobold throws a stone.
The stone barely misses you.
You barely miss the endoplasm.
* * * LOW HITPOINT WARNING * * *
You feel very sick.
The endoplasm jiggles.
The endoplasm misses you. The endoplasm freezes you.
You are frozen.
* * * LOW HITPOINT WARNING * * *
You hit the endoplasm.
The endoplasm is heavily wounded.
You die...

........##.##.# #
........##.#..#.# ##
..#....##.#..#.# ...
......##...... #
##..##....##....##.#
.##... ..................#
.##..# #..##....##........
.##..# #..##...=@JK.......
.##.>###..#.....##....##.#
...............###>...#
.).......................
...............####..###..
...............####..# .
....##.#††#..........#
...............####..#
.....#.#..#....# ..


You could see an endoplasm and a kobold.

Vanquished Creatures
  A dart slug (D:1)
  A goblin (D:1)
  A hobgoblin (D:1)
  3 jackals (D:1)
  2 ball pythons (D:1)
8 creatures vanquished.

Notes
Turn   | Place    | Note
-------+----------+-------------------------------------------
     0 | D:1      | DeltaZero the Troll Gladiator began the quest for the Orb.
     0 | D:1      | Reached XP level 1. HP: 19/19 MP: 0/0
   248 | D:1      | Reached XP level 2. HP: 28/28 MP: 1/1
   288 | D:1      | Succumbed to a goblin's poison

Illustrated notes

Levels and vault maps discovered:
D:1:      ebering_hopf_link, layout_basic, serial_shops,
          nicolae_shop_rolling_square

Action                     || total
---------------------------++-------
  Melee: Flail             ||    26
 Armour: Robe              ||     9
  Dodge: Dodged            ||    25
